 Dungeon Crawl Stone Soup version 0.26.0-10-g1f06aea511 (webtiles) character file.

Game seed: 9361586472702352923

88 nightchill the Bolt Thrower (level 4, 0/28 HPs)
             Began as a Kobold Hunter on Jan 28, 2021.
             Succumbed to an adder's poison
             ... on level 3 of the Dungeon.
             The game lasted 00:04:30 (2458 turns).

nightchill the Bolt Thrower (Kobold Hunter)         Turns: 2458, Time: 00:04:31

Health: 0/28       AC:  3    Str: 10    XL:     4   Next: 82%
Magic:  4/4        EV: 15    Int: 12    God:
Gold:   101        SH:  0    Dex: 15    Spells: 3/3 levels left

rFire    . . .     SeeInvis .   b - +0 short sword
rCold    . . .     Faith    .   (shield restricted)
rNeg     . . .     Spirit   .   x - +0 robe (curse)
rPois    .         Reflect  .   (no helmet)
rElec    .         Harm     .   (no cloak)
rCorr    .         Rampage  .   w - +0 pair of gloves
Will     .....                  (no boots)
Stlth    +++.......             (no amulet)
HPRegen  0.09/turn              (no ring)
MPRegen  0.09/turn              (no ring)

@: lethally poisoned (0 -> -11)
A: small, nightstalker 3
a: no special abilities


You were on level 3 of the Dungeon.
You visited 1 branch of the dungeon, and saw 3 of its levels.

You collected 101 gold pieces.

Inventory:

Hand Weapons
 a - a +1 hand crossbow
 b - a +0 short sword (weapon)
 f - a +0 short sword
Missiles
 d - 20 bolts
 h - 35 stones (quivered)
 k - 2 atropa-tipped darts
 n - 30 poisoned darts
Armour
 c - a +0 leather armour
 w - a +0 pair of gloves (worn)
 x - a cursed +0 robe (worn)
Jewellery
 t - a +4 ring of evasion {unknown}
 u - an uncursed ring of fire {unknown}
Scrolls
 e - a scroll of blinking {unknown}
 g - 2 scrolls of immolation {unknown}
 m - 7 scrolls of identify {unknown}
 o - a scroll of random uselessness {unknown}
 p - 2 scrolls of enchant armour {unknown}
 s - a scroll of remove curse {unknown}
Potions
 i - a potion of attraction {unknown}
 j - a potion of flight {unknown}
 l - a potion of cancellation {unknown}
 q - a potion of curing {unknown}
 r - a potion of degeneration {unknown}
 v - a potion of haste {unknown}


   Skills:
 + Level 3.1 Fighting
 * Level 3.7 Short Blades
 - Level 4.8 Crossbows
 - Level 2.4 Dodging
 + Level 3.1 Stealth


You had 3 spell levels left.
You didn't know any spells.
Your spell library was empty.

Dungeon Overview and Level Annotations

Branches:
Dungeon (3/15)

Altars:


Innate Abilities, Weirdness & Mutations

You are small and have problems with some larger weapons.
You are completely attuned to the shadows.


Message History

The adder is heavily wounded.
You feel sick. The adder bites you.
You closely miss the adder.
The adder is heavily wounded.
The adder bites you.
* * * LOW HITPOINT WARNING * * *
You are more poisoned.
The adder poisons you! The adder completely misses you.
You miss the adder.
The adder is heavily wounded.
* * * LOW HITPOINT WARNING * * *
You feel sick. The adder misses you.
* * * LOW HITPOINT WARNING * * *
You feel sick.
* * * LOW HITPOINT WARNING * * *
You feel sick. The adder closely misses you.
* * * LOW HITPOINT WARNING * * *
You feel sick.
An orc comes into view. It is wielding a -1 whip.
You die...

..........
..........
..#.(....#
#(######
#)#
#.#######
#.S......
###......
#†@.....#
#.......##
#.........
#.....o...
#....<....
#.........
#.........
#.........
########..


You could see an adder and an orc (wandering).

Vanquished Creatures
  4 adders
  An ooze (D:1)
  2 worms (D:2)
  2 dart slugs
  A leopard gecko (D:2)
  A ball python (D:1)
  7 bats
  6 goblins
  5 hobgoblins
  A quokka (D:2)
  3 frilled lizards (D:1)
  4 kobolds
  5 rats
42 creatures vanquished.

Notes
Turn   | Place    | Note
-------+----------+-------------------------------------------
     0 | D:1      | nightchill the Kobold Hunter began the quest for the Orb.
     0 | D:1      | Reached XP level 1. HP: 12/12 MP: 1/1
    53 | D:1      | Reached skill level 1 in Short Blades
    53 | D:1      | Reached XP level 2. HP: 9/18 MP: 2/2
   671 | D:1      | Reached XP level 3. HP: 22/22 MP: 3/3
  1819 | D:2      | Reached XP level 4. HP: 27/27 MP: 4/4
  2457 | D:3      | HP: 1/28 [poisoned by an adder]
  2458 | D:3      | Succumbed to an adder's poison

Illustrated notes

Levels and vault maps discovered:
D:1:      dpeg_arrival_tiny_b, layout_basic, minmay_tree_intersection,
          minmay_crystal_water, minmay_tromino_mix6
D:2:      layout_loops_ring
D:3:      layout_rooms, evilmike_ruin_ashenzari

Skill      XL: |  1  2  3  4 |
---------------+-------------+-----
Short Blades   | 1 2 3 |  3.7
Stealth        | 2 3 |  3.1
Fighting       | 3 |  3.1
Crossbows      | |  4.8
Dodging        | |  2.4

Action                   |  1- 3 |  4- 6 || total
-------------------------+-------+-------++-------
Melee: Short sword       |    74 |    71 ||   145
 Stab: Sleeping          |    14 |     4 ||    18
Armor: Leather armour    |    10 |     1 ||    11
       Robe              |       |     4 ||     4
Dodge: Dodged            |    47 |    37 ||    84
